 Seeded DCSS version 0.29.1-1-gd02db6906a (webtiles) character file.

Game seed: 696969 (custom seed)

26 LnG the Caller (level 3, 19/19 HPs)
             Began as a Kobold Summoner on Oct 5, 2022.
             Got out of the dungeon alive.
             The game lasted 00:02:27 (1439 turns).

LnG the Caller (Kobold Summoner)                    Turns: 1439, Time: 00:02:28

Health: 19/19      AC:  2    Str:  5    XL:     3   Next: 22%
Magic:  6/6        EV: 15    Int: 18    God:
Gold:   20         SH:  0    Dex: 15    Spells: 4/7 levels left

rFire   . . .      SeeInvis .   d - +0 short sword
rCold   . . .      Faith    .   (no shield)
rNeg    . . .      Spirit   .   a - +0 robe
rPois   .          Reflect  .   (no helmet)
rElec   .          Harm     .   (no cloak)
rCorr   .          Rampage  .   (no gloves)
Will    .....                   (no boots)
Stlth   +++.......              (no amulet)
HPRegen 0.06/turn               (no ring)
MPRegen 0.10/turn               (no ring)

@: no status effects
A: small, no large weapons, nightstalker 3
a: no special abilities


You escaped.
You visited 1 branch of the dungeon, and saw 1 of its levels.

You collected 20 gold pieces.

Inventory:

Hand Weapons
 d - a +0 short sword (weapon)
Armour
 a - a +0 robe (worn)
Jewellery
 i - a ring of fire
Scrolls
 g - 2 scrolls of identify {unknown}
Potions
 b - 2 potions of magic
 c - 2 potions of heal wounds {unknown}
 e - a potion of flight {unknown}
 f - a potion of curing {unknown}
 h - a potion of haste {unknown}


   Skills:
 + Level 0.1 Short Blades
 + Level 2.8 Dodging
 + Level 3.1 Stealth
 + Level 2.5 Spellcasting
 + Level 4.4 Summonings


You had 4 spell levels left.
You knew the following spells:

 Your Spells              Type           Power      Damage    Failure   Level
a - Summon Small Mammal   Summ           72%        N/A       2%          1
b - Call Imp              Summ           18%        N/A       4%          2

Your spell library contained the following spells:

 Spells                   Type           Power      Damage    Failure   Level
 Call Canine Familiar     Summ           18%        N/A       9%          3
 Summon Guardian Golem    Hex/Summ       10%        N/A       21%         3
 Poisonous Vapours        Pois/Air       4%         N/A       26%         2
 Dazzling Flash           Conj/Hex       4%         N/A       45%         3
 Lesser Beckoning         Tloc           2%         N/A       45%         3
 Summon Lightning Spire   Summ/Air       10%        N/A       56%         4
 Airstrike                Air            1%         2d(1-17)  86%         4
 Iskenderun's Mystic Bla  Conj/Tloc      2%         2d3       86%         4
 Starburst                Conj/Fire      1%         6d3       100%        6
 Malign Gateway           Summ/Tloc      5%         N/A       100%        7


Dungeon Overview and Level Annotations

Branches:
Dungeon (1/15)

Altars:


Innate Abilities, Weirdness & Mutations

You are small and have problems with some larger weapons.
You are completely attuned to the shadows.


Message History

Your Stealth skill increases to level 3!
Casting: Summon Small Mammal (safe; 2% risk of failure)
Confirm with . or Enter, or press ? or * to list all spells.
A beastly little devil appears in a puff of frigid air.
Your bat hits the jackal but does no damage.
The jackal bites you.
You see here a jackal corpse.
You hit the jackal.
The jackal is moderately wounded.
Your bat misses the jackal. The jackal completely misses you.
You hit the jackal.
You kill the jackal!
You swap places.
i - a ring of fire You see here a jackal corpse.
Your white imp disappears in a puff of smoke!
Your bat disappears in a puff of smoke!
Things that are here:
a +0 club; a kobold corpse You open the door.
There is an open door here.
Found a stone.
You see here a stone.
A hobgoblin comes into view.
The helpless hobgoblin fails to defend itself.
You hit the hobgoblin.
You kill the hobgoblin!
No target in view!
You pick up a book of Spectacle and begin reading...
You add the spells Dazzling Flash, Iskenderun's Mystic Blast and Starburst to your library.
You see here a hobgoblin corpse.
Found a ring mail.
Done exploring.
Done exploring.
There is a staircase leading out of the dungeon here.
You can't go down here!
Are you sure you want to leave the Dungeon?
This will make you lose the game!
Alright, then stay!
Are you sure you want to leave the Dungeon?
This will make you lose the game!
You have escaped!

........#
#.#.....#.#
##.()...#
#.........#
......###
#.........#
#####.#
#.#.....#.#
......#
#.........#
#######
#.........#
#.#.....#.#
#.........#
#....@....#
###########


There were no monsters in sight!

Vanquished Creatures
  2 endoplasms (D:1)
  2 giant cockroaches (D:1)
  A goblin (D:1)
  3 hobgoblins (D:1)
  2 jackals (D:1)
  2 bats (D:1)
  A frilled lizard (D:1)
  A kobold (D:1)
  2 rats (D:1)
16 creatures vanquished.

Vanquished Creatures (collateral kills)
  A dart slug (D:1)
  An endoplasm (D:1)
  3 kobolds (D:1)
  A rat (D:1)
6 creatures vanquished.

Grand Total: 22 creatures vanquished

Notes
Turn   | Place    | Note
-------+----------+-------------------------------------------
     0 | D:1      | LnG the Kobold Summoner began the quest for the Orb.
     0 | D:1      | Reached XP level 1. HP: 10/10 MP: 3/3
   174 | D:1      | Reached XP level 2. HP: 15/15 MP: 0/5
   177 | D:1      | Learned a level 2 spell: Call Imp
   499 | D:1      | Got the Folio of Voltaic Dislocation
   963 | D:1      | Reached XP level 3. HP: 19/19 MP: 6/6
  1439 | D:$      | Got out of the dungeon alive.

Illustrated notes

Levels and vault maps discovered:
D:1:      lemuel_arrival_broad_hall, layout_basic

Skill      XL: |  1  2  3 |
---------------+----------+-----
Stealth        | 3 |  3.1
Short Blades   | |  0.1
Dodging        | |  2.8
Spellcasting   | |  2.5
Summonings     | |  4.4

Action                   || total
-------------------------++-------
Melee: Short sword       ||    81
 Cast: Summon Small Mamm ||     9
       Call Imp          ||     2
 Stab: Sleeping          ||     8
Armor: Robe              ||    35
Dodge: Dodged            ||   104
